Workbook

Sheet ANEXO 1 - COTIZACIONES
A1: ANEXO 1 - ANALISIS DE COTIZACIONES
C2: LAVADO CORRIENTE, LIMPIEZA Y DESINFECCIÓN PARA EL PARQUE AUTOMOTOR DE LAS FISCALÍA GENERAL DE LA NACIÓN.
A3: NECESIDAD | F3: COTIZACION 1 MR. SPLASH | H3: COTIZACION 2 LAVADERO BOLIVAR | J3: VALOR COTIZACIÓN HÁBIL MÁS BAJA | K3: PROMEDIO | L3: VALOR COTIZACIÓN HÁBIL MÁS ALTA | M3: PORCENTAJE DIFERENCIAL (BAJA/PROMEDIO) | N3: MEDIA ARITMETICA BAJA | P3: ANALISIS DE COTIZACIONES
A4: ÍTEM | B4: DESCRIPCIÓN BIEN O SERVICIO RANGO DEL MODELO | C4: UNIDAD DE MEDIDA | D4: CANTIDAD | F4: VALOR UNITARIO SIN IVA | H4: VALOR UNITARIO SIN IVA | J4: VALOR UNITARIO SIN IVA | K4: VALOR UNITARIO SIN IVA | L4: VALOR UNITARIO SIN IVA | M4: 40% > / < | N4: VALOR UNITARIO SIN IVA | P4: VALOR UNITARIO SIN IVA | Q4: VALOR IVA | R4: VALOR UNITARIO INCLUIDO IVA | S4: VALOR TOTAL INCLUIDO IVA
A5: 1 | B5: LAVADO CORRIENTE, LIMPIEZA Y DESINFECCIÓN AUTOMOVIL | C5: UND | D5: 1 | F5: 35000 | H5: 35000 | J5: =ROUND(MIN(F5,H5),0) -> 35000 | K5: =ROUND(AVERAGE(F5,H5),0) -> 35000 | L5: =+MAX(F5,H5) -> 35000 | M5: =+(L5/J5)-1 -> 0 | N5: =+ROUND(AVERAGE(J5,K5),0) -> 35000 | P5: =+K5 -> 35000 | Q5: =ROUND(P5*19%,0) -> 6650 | R5: =+Q5+P5 -> 41650 | S5: =+R5*D5 -> 41650
A6: 2 | B6: LAVADO CORRIENTE, LIMPIEZA Y DESINFECCIÓN CAMPEROS Y CAMIONETAS | C6: UND | D6: 1 | F6: 50000 | H6: 45000 | J6: =ROUND(MIN(F6,H6),0) -> 45000 | K6: =ROUND(AVERAGE(F6,H6),0) -> 47500 | L6: =+MAX(F6,H6) -> 50000 | M6: =+(L6/J6)-1 -> 0.11111111 | N6: =+ROUND(AVERAGE(J6,K6),0) -> 46250 | P6: =+K6 -> 47500 | Q6: =ROUND(P6*19%,0) -> 9025 | R6: =+Q6+P6 -> 56525 | S6: =+R6*D6 -> 56525
A7: 3 | B7: LAVADO CORRIENTE, LIMPIEZA Y DESINFECCIÓN MOTOCICLETA | C7: UND | D7: 1 | F7: 25000 | H7: 25000 | J7: =ROUND(MIN(F7,H7),0) -> 25000 | K7: =ROUND(AVERAGE(F7,H7),0) -> 25000 | L7: =+MAX(F7,H7) -> 25000 | M7: =+(L7/J7)-1 -> 0 | N7: =+ROUND(AVERAGE(J7,K7),0) -> 25000 | P7: =+K7 -> 25000 | Q7: =ROUND(P7*19%,0) -> 4750 | R7: =+Q7+P7 -> 29750 | S7: =+R7*D7 -> 29750
A8: 4 | B8: LAVADO CORRIENTE, LIMPIEZA Y DESINFECCIÓN NECROMOVILES | C8: UND | D8: 1 | F8: 70000 | H8: 60000 | J8: =ROUND(MIN(F8,H8),0) -> 60000 | K8: =ROUND(AVERAGE(F8,H8),0) -> 65000 | L8: =+MAX(F8,H8) -> 70000 | M8: =+(L8/J8)-1 -> 0.16666667 | N8: =+ROUND(AVERAGE(J8,K8),0) -> 62500 | P8: =+K8 -> 65000 | Q8: =ROUND(P8*19%,0) -> 12350 | R8: =+Q8+P8 -> 77350 | S8: =+R8*D8 -> 77350
A9: TOTAL | S9: =SUM(S5:S8) -> 205275
B11: NOTAS:
B12: 1) Se realizó el estudio con 2 cotizaciones de empresas del mercado que cuentan con catálogos para la venta libre al publico
B13: 2) Para establecer el valor del mercado; se utiliza la formula promedio
B14: 3) En el presente análisis se aplicó el procedimiento de aproximación generalmente aceptado por las reglas matemáticas denominado redondeo, que consiste en acercar los valores decimales al número entero más aproximado (esto es, si el tercer decimal es menor que 5, el segundo decimal se mantiene; si el tercer decimal es igual o mayor que 5, el segundo decimal se incrementa en uno)

Sheet ANEXO 2 - PROY COSTOS
A1: ANEXO 2 - PROYECCION COSTOS
C2: LAVADO CORRIENTE, LIMPIEZA Y DESINFECCIÓN PARA EL PARQUE AUTOMOTOR DE LAS FISCALÍA GENERAL DE LA NACIÓN.
A3: NECESIDAD | F3: ANALISIS COTIZACIONES | H3: PROYECCION COSTOS 2026
A4: ÍTEM | B4: DESCRIPCIÓN BIEN O SERVICIO RANGO DEL MODELO | C4: UNIDAD DE MEDIDA | D4: CANTIDAD | F4: VALOR UNITARIO SIN IVA | H4: VALOR UNITARIO SIN IVA | I4: VALOR IVA | J4: VALOR UNITARIO INCLUIDO IVA | K4: VALOR TOTAL INCLUIDO IVA
A5: ='ANEXO 1 - COTIZACIONES'!A5 -> 1 | B5: ='ANEXO 1 - COTIZACIONES'!B5 -> LAVADO CORRIENTE, LIMPIEZA Y DESINFECCIÓN AUTOMOVIL | C5: ='ANEXO 1 - COTIZACIONES'!C5 -> UND | D5: ='ANEXO 1 - COTIZACIONES'!D5 -> 1 | F5: ='ANEXO 1 - COTIZACIONES'!P5 -> 35000 | H5: =+F5 -> 35000 | I5: =ROUND(H5*19%,0) -> 6650 | J5: =+I5+H5 -> 41650 | K5: =+J5*D5 -> 41650
A6: ='ANEXO 1 - COTIZACIONES'!A6 -> 2 | B6: ='ANEXO 1 - COTIZACIONES'!B6 -> LAVADO CORRIENTE, LIMPIEZA Y DESINFECCIÓN CAMPEROS Y CAMIONETAS | C6: ='ANEXO 1 - COTIZACIONES'!C6 -> UND | D6: ='ANEXO 1 - COTIZACIONES'!D6 -> 1 | F6: ='ANEXO 1 - COTIZACIONES'!P6 -> 47500 | H6: =+F6 -> 47500 | I6: =ROUND(H6*19%,0) -> 9025 | J6: =+I6+H6 -> 56525 | K6: =+J6*D6 -> 56525
A7: ='ANEXO 1 - COTIZACIONES'!A7 -> 3 | B7: ='ANEXO 1 - COTIZACIONES'!B7 -> LAVADO CORRIENTE, LIMPIEZA Y DESINFECCIÓN MOTOCICLETA | C7: ='ANEXO 1 - COTIZACIONES'!C7 -> UND | D7: ='ANEXO 1 - COTIZACIONES'!D7 -> 1 | F7: ='ANEXO 1 - COTIZACIONES'!P7 -> 25000 | H7: =+F7 -> 25000 | I7: =ROUND(H7*19%,0) -> 4750 | J7: =+I7+H7 -> 29750 | K7: =+J7*D7 -> 29750
A8: ='ANEXO 1 - COTIZACIONES'!A8 -> 4 | B8: ='ANEXO 1 - COTIZACIONES'!B8 -> LAVADO CORRIENTE, LIMPIEZA Y DESINFECCIÓN NECROMOVILES | C8: ='ANEXO 1 - COTIZACIONES'!C8 -> UND | D8: ='ANEXO 1 - COTIZACIONES'!D8 -> 1 | F8: ='ANEXO 1 - COTIZACIONES'!P8 -> 65000 | H8: =+F8 -> 65000 | I8: =ROUND(H8*19%,0) -> 12350 | J8: =+I8+H8 -> 77350 | K8: =+J8*D8 -> 77350
A9: TOTAL | K9: =SUM(K5:K8) -> 205275
B11: NOTAS:
B12: 1) Para establecer los valores del mercado, se tomaron los valores del análisis de cotizaciones
B13: 2) En el presente análisis se aplicó el procedimiento de aproximación generalmente aceptado por las reglas matemáticas denominado redondeo, que consiste en acercar los valores decimales al número entero más aproximado (esto es, si el tercer decimal es menor que 5, el segundo decimal se mantiene; si el tercer decimal es igual o mayor que 5, el segundo decimal se incrementa en uno)

Sheet ANEXO 3 - EST SECTOR
A1: ANEXO 3 - ESTUDIO DEL SECTOR
C2: LAVADO CORRIENTE, LIMPIEZA Y DESINFECCIÓN PARA EL PARQUE AUTOMOTOR DE LAS FISCALÍA GENERAL DE LA NACIÓN.
A3: NECESIDAD | F3: ESTUDIO DEL SECTOR
A4: ÍTEM | B4: DESCRIPCIÓN BIEN O SERVICIO RANGO DEL MODELO | C4: UNIDAD DE MEDIDA | D4: CANTIDAD | F4: VALOR UNITARIO SIN IVA | G4: VALOR IVA | H4: VALOR UNITARIO INCLUIDO IVA | I4: VALOR TOTAL INCLUIDO IVA
A5: ='ANEXO 1 - COTIZACIONES'!A5 -> 1 | B5: ='ANEXO 1 - COTIZACIONES'!B5 -> LAVADO CORRIENTE, LIMPIEZA Y DESINFECCIÓN AUTOMOVIL | C5: ='ANEXO 1 - COTIZACIONES'!C5 -> UND | D5: ='ANEXO 1 - COTIZACIONES'!D5 -> 1 | F5: ='ANEXO 2 - PROY COSTOS'!H5 -> 35000 | G5: =ROUND(F5*19%,0) -> 6650 | H5: =+G5+F5 -> 41650 | I5: =+H5*D5 -> 41650
A6: ='ANEXO 1 - COTIZACIONES'!A6 -> 2 | B6: ='ANEXO 1 - COTIZACIONES'!B6 -> LAVADO CORRIENTE, LIMPIEZA Y DESINFECCIÓN CAMPEROS Y CAMIONETAS | C6: ='ANEXO 1 - COTIZACIONES'!C6 -> UND | D6: ='ANEXO 1 - COTIZACIONES'!D6 -> 1 | F6: ='ANEXO 2 - PROY COSTOS'!H6 -> 47500 | G6: =ROUND(F6*19%,0) -> 9025 | H6: =+G6+F6 -> 56525 | I6: =+H6*D6 -> 56525
A7: ='ANEXO 1 - COTIZACIONES'!A7 -> 3 | B7: ='ANEXO 1 - COTIZACIONES'!B7 -> LAVADO CORRIENTE, LIMPIEZA Y DESINFECCIÓN MOTOCICLETA | C7: ='ANEXO 1 - COTIZACIONES'!C7 -> UND | D7: ='ANEXO 1 - COTIZACIONES'!D7 -> 1 | F7: ='ANEXO 2 - PROY COSTOS'!H7 -> 25000 | G7: =ROUND(F7*19%,0) -> 4750 | H7: =+G7+F7 -> 29750 | I7: =+H7*D7 -> 29750
A8: ='ANEXO 1 - COTIZACIONES'!A8 -> 4 | B8: ='ANEXO 1 - COTIZACIONES'!B8 -> LAVADO CORRIENTE, LIMPIEZA Y DESINFECCIÓN NECROMOVILES | C8: ='ANEXO 1 - COTIZACIONES'!C8 -> UND | D8: ='ANEXO 1 - COTIZACIONES'!D8 -> 1 | F8: ='ANEXO 2 - PROY COSTOS'!H8 -> 65000 | G8: =ROUND(F8*19%,0) -> 12350 | H8: =+G8+F8 -> 77350 | I8: =+H8*D8 -> 77350
A9: TOTAL | I9: =SUM(I5:I8) -> 205275
B11: NOTAS:
B12: 1) Para establecer los valores del mercado, se tomaron los valores del análisis de cotizaciones
B13: 2) En el presente análisis se aplicó el procedimiento de aproximación generalmente aceptado por las reglas matemáticas denominado redondeo, que consiste en acercar los valores decimales al número entero más aproximado (esto es, si el tercer decimal es menor que 5, el segundo decimal se mantiene; si el tercer decimal es igual o mayor que 5, el segundo decimal se incrementa en uno)
